 Dungeon Crawl Stone Soup version 0.23.2-40-g277498a001 (webtiles) character file.

Game seed: 901802553596632445

1869 Amplified the Arsonist (level 9, 0/62 HPs)
             Began as a Hill Orc Fire Elementalist on Sept 12, 2019.
             Slain by a yak (16 damage)
             ... on level 5 of the Dungeon.
             The game lasted 00:14:49 (6131 turns).

Amplified the Arsonist (Hill Orc Fire Elementalist) Turns: 6131, Time: 00:14:50

Health: 0/62       AC:  2    Str: 11    XL:     9   Next: 13%
Magic:  2/16       EV: 12    Int: 18    God:
Gold:   188        SH:  0    Dex: 11    Spells: 7/18 levels left

rFire    + . .     SeeInvis +   (no weapon)
rCold    x . .     Gourm    +   (no shield)
rNeg     . . .     Faith    .   a - +0 robe
rPois    .         Spirit   .   (no helmet)
rElec    .         Reflect  .   (no cloak)
rCorr    .         Harm     .   (no gloves)
MR       .....                  (no boots)
Stlth    ++........             v - amulet of the gourmand
HPRegen  0.20/turn              d - ring of fire
MPRegen  0.15/turn              y - ring of see invisible

@: no status effects
A: no striking features
a: no special abilities


You were on level 5 of the Dungeon.
You were very full.

You visited 1 branch of the dungeon, and saw 6 of its levels.
You also visited: Ossuary.

You collected 188 gold pieces.

Inventory:

Missiles
 b - 29 poisoned needles
 f - 13 needles of confusion
 i - 3 tomahawks (quivered)
 q - 2 throwing nets
Armour
 a - a +0 robe (worn)
Jewellery
 d - a ring of fire (left hand)
 v - an amulet of the gourmand (around neck)
 y - a ring of see invisible (right hand)
Wands
 l - a wand of iceblast (6)
 t - a wand of clouds (6)
 u - a wand of flame (16)
Scrolls
 h - 3 scrolls of teleportation
 m - 3 scrolls of enchant weapon
 r - 9 scrolls of remove curse
 w - a scroll of silence
 z - a scroll of identify
Potions
 e - 3 potions of might
 g - a potion of mutation
 j - a potion of invisibility
 k - 2 potions of flight
 n - a potion of curing
 o - a potion of cancellation
 s - 2 potions of ambrosia
Comestibles
 c - 8 rations


   Skills:
 - Level 1.7 Dodging
 - Level 1.7 Stealth
 * Level 5.2 Spellcasting
 * Level 6.6 Conjurations
 * Level 8.1 Fire Magic


You had 7 spell levels left.
You knew the following spells:

 Your Spells              Type           Power        Failure   Level  Hunger
a - Flame Tongue          Conj/Fire      #####        1%          1    None
b - Throw Flame           Conj/Fire      #####.       1%          2    #......
c - Fireball              Conj/Fire      #####.....   17%         5    ######.
d - Conjure Flame         Conj/Fire      #####...     1%          3    ##.....

Your spell library contained the following spells:

 Spells                   Type           Power        Failure   Level  Hunger
 Magic Dart               Conj           ####         1%          1    None
 Searing Ray              Conj           ####..       1%          2    #......
 Sticky Flame             Conj/Fire      #####...     6%          4    ####...
 Inner Flame              Hex/Fire       ####....     8%          3    ##.....
 Iskenderun's Mystic Bla  Conj           ####....     9%          4    ####...
 Dazzling Spray           Conj/Hex       ###...       10%         3    ##.....
 Force Lance              Conj/Tloc      ###.....     32%         4    ####...
 Fulminant Prism          Conj/Hex       ###.......   32%         4    ####...


Dungeon Overview and Level Annotations

Branches:
Dungeon (6/15)
 Temple: D:4-7

Altars:
Ashenzari
Cheibriados
Kikubaaqudgha


Message History

Press: ? - help, Shift-Dir - straight line, f - yak
Aim: a yak (severely wounded)
You feel a surge of power!
The flame tongue hits the yak!
The yak is almost dead.
Casting: Flame Tongue (safe; 1% risk of failure)
Confirm with . or Enter, or press ? or * to list all spells.
Aiming: Flame Tongue (safe; 1% risk of failure)
Press: ? - help, Shift-Dir - straight line, f/p - yak
Aim: a yak (almost dead)
You feel a surge of power!
The flame tongue hits the yak but does no damage.
The yak is almost dead.
The yak gores you.
* * * LOW HITPOINT WARNING * * *
Unknown command.
Unknown command.
Unknown command.
Okay, then.
The yak gores you!
You die...

.#.P..# . ##.# # .#.$.###. .##
#..# # ..P...... ..# ####.#####
......... ..# #.<.Y...##
.P##.._). #.# #.#####.## ..# ....
#.# #†# #.## #.#########.# ####
#.# #...
#...........######..####.# #.##
##..#.####......@Y.......#####.##
......>....#######..####.......##
##..#####..#######..## ##<#######
.YY..................####.#######
###.#####..#######..........Y.Y..
###.# #..................######
....#####..#######.#######.# #
###.............##.#.....#.## #
#.#####..####....#.....#..# #


You could see a yak.

Vanquished Creatures
  5 yaks (D:5)
  2 ogres (D:5)
  A bullfrog (D:5)
  3 crimson imps (D:5)
  2 jellies
  A bullfrog skeleton (D:4)
  2 orc priests
  2 hounds (D:5)
  Natasha (thrice) (D:3)
  2 worker ants
  3 orc wizards
  Ijyb (D:3)
  13 mummies (Ossuary)
  A hound skeleton (D:5)
  4 gnolls (D:3)
  A howler monkey skeleton (D:5)
  7 adders
  2 oozes
  3 worms
  4 dart slugs
  6 leopard geckos
  5 orcs
  6 bats
  3 giant cockroaches
  8 goblins
  4 hobgoblins (D:2)
  2 kobolds (D:2)
  A quokka (D:3)
  A ball python (D:2)
  6 frilled lizards
  A gnoll skeleton (Ossuary)
  2 goblin skeletons (Ossuary)
  A goblin zombie (D:5)
  A jackal skeleton (D:4)
  3 kobold skeletons (Ossuary)
  2 orc skeletons (Ossuary)
  A quokka skeleton (D:6)
  2 rats
  11 rat skeletons (Ossuary)
  A rat zombie (D:5)
129 creatures vanquished.

Vanquished Creatures (others)
  6 withered plants (D:5)
6 creatures vanquished.

Grand Total: 135 creatures vanquished

Notes
Turn   | Place    | Note
-------+----------+-------------------------------------------
     0 | D:1      | Amplified the Hill Orc Fire Elementalist began the quest
                  | for the Orb.
     0 | D:1      | Reached XP level 1. HP: 14/14 MP: 3/3
   402 | D:1      | Reached XP level 2. HP: 20/20 MP: 0/4
   903 | D:1      | Reached XP level 3. HP: 21/26 MP: 1/5
  1213 | D:2      | HP: 1/26 [goblin/+0 club (4)]
  1434 | D:2      | Reached skill level 4 in Fire Magic
  1458 | D:2      | Learned a level 2 spell: Throw Flame
  1967 | D:3      | Reached XP level 4. HP: 27/33 MP: 0/7
  2492 | D:2      | Found a snail-covered altar of Cheibriados.
  2802 | D:3      | Reached XP level 5. HP: 38/38 MP: 4/8
  2901 | D:3      | Noticed Ijyb
  3066 | D:4      | Learned a level 5 spell: Fireball
  3183 | D:4      | Reached skill level 5 in Fire Magic
  3183 | D:4      | Reached XP level 6. HP: 30/45 MP: 1/10
  3527 | D:3      | Noticed Natasha
  3545 | D:3      | Killed Natasha
  3752 | D:3      | Noticed Natasha
  3754 | D:3      | Killed Natasha
  3772 | D:3      | Noticed Natasha
  3777 | D:3      | Killed Natasha
  3781 | D:3      | Killed Ijyb
  4114 | D:5      | Entered Level 5 of the Dungeon
  4126 | D:5      | Found a sand-covered staircase.
  4135 | D:5      | Learned a level 3 spell: Conjure Flame
  4167 | Ossuary  | Entered an ossuary
  4277 | Ossuary  | Reached XP level 7. HP: 35/50 MP: 5/11
  4902 | D:5      | Reached skill level 6 in Fire Magic
  4954 | D:5      | Found an ancient bone altar of Kikubaaqudgha.
  4957 | D:5      | Noticed a yak
  4960 | D:5      | Noticed a yak
  5312 | D:5      | Reached skill level 5 in Conjurations
  5312 | D:5      | Reached XP level 8. HP: 34/57 MP: 4/14
  5474 | D:5      | Found a shattered altar of Ashenzari.
  5621 | D:5      | Reached skill level 7 in Fire Magic
  5703 | D:5      | Noticed a yak
  5707 | D:5      | Noticed a yak
  5707 | D:5      | Noticed a yak
  5731 | D:5      | Noticed a yak
  5740 | D:5      | Killed a yak
  5783 | D:5      | Killed a yak
  5866 | D:5      | Killed a yak
  6094 | D:5      | Killed a yak
  6094 | D:5      | Reached skill level 5 in Spellcasting
  6094 | D:5      | Reached XP level 9. HP: 59/62 MP: 9/16
  6110 | D:5      | Reached skill level 8 in Fire Magic
  6131 | D:5      | Slain by a yak

Skill      XL: |  1  2  3  4  5  6  7  8  9 |
---------------+----------------------------+-----
Conjurations   | 2 3 4 5 6 |  6.6
Fire Magic     | 4 5 6 7 8 |  8.1
Spellcasting   | 2 3 4 5 |  5.2
Dodging        | |  1.7
Stealth        | |  1.7

Action                   |  1- 3 |  4- 6 |  7- 9 || total
-------------------------+-------+-------+-------++-------
Melee: Unarmed           |     8 |    11 |    22 ||    41
Throw: Tomahawk          |     4 |     9 |       ||    13
 Cast: Flame Tongue      |    63 |   108 |   131 ||   302
       Conjure Flame     |       |       |     2 ||     2
       Fireball          |       |       |     1 ||     1
Evoke: Wand              |       |     4 |     7 ||    11
  Use: Scroll            |     6 |     3 |     9 ||    18
       Potion            |       |       |     4 ||     4
  Eat: Ration            |     1 |     2 |       ||     3
       Chunk             |       |     5 |    11 ||    16
Armor: Robe              |    12 |     8 |     9 ||    29
Dodge: Dodged            |    50 |    29 |    46 ||   125
